 Dungeon Crawl Stone Soup version 0.20.0-15-g7f486f2 (webtiles) character file.

8526 panicbit the Cleaver (level 11, -2/97 HPs)
             Began as a Minotaur Fighter on June 27, 2017.
             Was a High Priest of Okawaru.
             Slain by a death yak (16 damage)
             ... on level 9 of the Dungeon.
             The game lasted 00:28:56 (9357 turns).

panicbit the Cleaver (Minotaur Fighter)             Turns: 9357, Time: 00:28:57

Health: -2/97      AC: 13    Str: 28    XL:     11   Next: 11%
Magic:  11/11      EV: 11    Int:  5    God:    Okawaru [*****.]
Gold:   486        SH: 12    Dex: 11    Spells: 10/10 levels left

rFire    + + .     SeeInvis .   a - +0 war axe
rCold    x . .     Gourm    .   c - +0 shield
rNeg     . . .     Faith    .   b - +0 scale mail
rPois    .         Spirit   .   y - +2 hat {MR+}
rElec    .         Reflect  .   J - scarf {repulsion}
rCorr    .         Harm     .   n - +0 pair of gloves
MR       +....                  P - +0 pair of boots
Stlth    ..........             (no amulet)
Regen    0.3/turn               w - ring of protection from fire
MPRegen  0.2/turn               F - ring of fire

@: mighty, repel missiles
A: retaliatory headbutt, horns 2
a: Heroism, Finesse, Renounce Religion


You were on level 9 of the Dungeon.
You worshipped Okawaru.
Okawaru was extremely pleased with you.
You were near starving.

You visited 2 branches of the dungeon, and saw 11 of its levels.

You collected 486 gold pieces.

Inventory:

Hand Weapons
 a - a +0 war axe (weapon)
Armour
 b - a +0 scale mail (worn)
 c - a +0 shield (worn)
 n - a +0 pair of gloves (worn)
 y - a +2 hat of magic resistance (worn)
 G - a +0 cloak
 J - a scarf of repulsion (worn)
 P - a +0 pair of boots (worn)
Jewellery
 w - a ring of protection from fire (left hand)
 F - a ring of fire (right hand)
 N - an uncursed ring of resist corrosion
Wands
 h - a wand of digging (10/24)
 D - a wand of scattershot (3/9)
 M - a wand of iceblast (3/15)
Scrolls
 e - a scroll of noise {unknown}
 j - 2 scrolls of remove curse {unknown}
 l - 5 scrolls of enchant weapon
 m - a scroll of torment {unknown}
 r - a scroll of fear {unknown}
 s - a scroll of vulnerability {unknown}
 t - 7 scrolls of teleportation
 u - 3 scrolls of blinking
 B - 2 scrolls of amnesia {unknown}
 C - a scroll of immolation {unknown}
 E - 2 scrolls of fog {unknown}
Potions
 i - 4 potions of curing
 k - 2 potions of magic {unknown}
 o - 2 potions of cancellation {unknown}
 p - 2 potions of berserk rage {unknown}
 q - 9 potions of heal wounds {unknown}
 v - a potion of flight {unknown}
 x - a potion of ambrosia {unknown}
 z - a potion of mutation {unknown}
 A - 2 potions of agility {unknown}
 I - a potion of degeneration {unknown}
 O - a potion of lignification {unknown}
Books
 L - a book of Air

   Spells                             Type                      Level
   a - Shock                          Conjuration/Air              1
   b - Swiftness                      Charms/Air                   2
   c - Static Discharge               Conjuration/Air              3
   d - Airstrike                      Air                          4
   e - Lightning Bolt                 Conjuration/Air              5
Comestibles
 f - 8 bread rations
 g - 10 meat rations
 H - 2 royal jellies
 K - 3 fruits


   Skills:
 + Level 9.1 Fighting
 + Level 12.7 Axes
 + Level 9.1 Armour
 + Level 5.3 Dodging
 + Level 2.1 Stealth
 + Level 9.3 Shields
 + Level 1.6 Invocations


You had 10 spell levels left.
You didn't know any spells.

Dungeon Overview and Level Annotations

Branches:
Dungeon (10/15)            Temple (1/1) D:6            Lair (0/6) D:10
    Orc: D:9-12

Altars:
Ashenzari
Cheibriados
Dithmenos
Elyvilon
Fedhas
Gozag
Hepliaklqana
Kikubaaqudgha
Makhleb
Nemelex Xobeh
Okawaru
Qazlal
Ru
Sif Muna
Trog
Uskayaw
Vehumet
Xom
Yredelemnul
Zin
The Shining One
Jiyva

Shops:
D:10 =


Innate Abilities, Weirdness & Mutations

You reflexively headbutt those who attack you in melee.
You have a pair of horns on your head.


Message History

The death yak snorts and paws the ground.
You feel better. You block the death yak's attack.
There is a fountain of clear blue water here.
Okay, then.
The death yak snorts and paws the ground.
You hear a distant slurping noise.
There is an open door here.
There is an open door here.
There is an open door here.
There is a stone staircase leading up here.
You can't go down here!
You block the death yak's attack.
You climb upwards.
There is a stone staircase leading down here.
You are near starving!
The death yak gores you!
* * * LOW HITPOINT WARNING * * *
You feel very mighty all of a sudden. The death yak gores you!
You die...

.......##.#
.......##.#
.......##.#
.......##.#######
............>...#
.......##.#####.#
.....####.....#.#
.....#
#####.#Y###
.....#
#.#.@.######
.....#
#.######÷..#
.....# #...#
#÷§.# .≈.>.#
###.####.).#
≈≈≈..# #...##.###
..≈..# ###.###.#
.....# #.###.##
.....# #..###.##
.....# #.....÷.#


You could see a death yak.

Vanquished Creatures
  Gastronok (D:8)
  Erolcha (D:9)
  A two-headed ogre (D:9)
  The ghost of spinkules the Cleaver, a novice GrBe of Trog (D:7)
  Psyche (D:8)
  The ghost of panicbit the Conjurer, a novice DECj (D:5)
  5 hippogriffs
  Grum (D:8)
  Menkaure (D:6)
  3 sky beasts
  3 ice beasts
  2 phantoms
  3 ogres
  4 wolves (D:8)
  4 centaurs
  A crocodile (D:7)
  9 bullfrogs
  A gnoll sergeant (D:9)
  2 howler monkeys
  3 crimson imps
  A quasit (D:5)
  A bullfrog zombie (D:5)
  2 orc priests
  A centaur zombie (D:5)
  Crazy Yiuf (D:6)
  2 hounds
  An iron imp (D:6)
  3 jellies
  3 iguanas
  3 orc wizards
  6 worker ants
  A killer bee zombie (D:7)
  2 hound zombies
  Robin (D:3)
  A howler monkey skeleton (D:7)
  8 adders
  3 gnolls (D:9)
  3 shadow imps (D:6)
  An ooze (D:2)
  An adder skeleton (D:7)
  4 worms
  A dart slug (D:1)
  3 leopard geckos
  9 orcs
  4 giant cockroaches
  9 goblins
  8 hobgoblins
  2 jackals (D:3)
  4 kobolds
  7 quokkas
  9 bats
  2 frilled lizards
  A leopard gecko zombie (D:5)
  2 quokka skeletons
  7 rats
  2 fungi (D:9)
167 creatures vanquished.

Vanquished Creatures (others)
  A rat (D:2)
1 creature vanquished.

Grand Total: 168 creatures vanquished

Notes
Turn   | Place    | Note
-------+----------+-------------------------------------------
     0 | D:1      | panicbit the Minotaur Fighter began the quest for the Orb.
     0 | D:1      | Reached XP level 1. HP: 19/19 MP: 0/0
   112 | D:1      | Reached XP level 2. HP: 21/27 MP: 1/1
   593 | D:2      | Reached XP level 3. HP: 33/33 MP: 2/2
   624 | D:2      | Found an opulent altar of Gozag.
   625 | D:2      | Found a sparkling altar of Nemelex Xobeh.
   643 | D:2      | Reached skill level 3 in Axes
  1080 | D:2      | Reached XP level 4. HP: 27/41 MP: 3/3
  1133 | D:2      | Found a sacrificial altar of Ru.
  1764 | D:3      | Reached skill level 1 in Dodging
  1963 | D:3      | Noticed Robin
  1972 | D:3      | Killed Robin
  1972 | D:3      | Reached XP level 5. HP: 47/47 MP: 4/4
  1976 | D:3      | Reached skill level 4 in Axes
  2397 | D:4      | Found an iron altar of Okawaru.
  2401 | D:4      | Became a worshipper of Warmaster Okawaru
  2410 | D:4      | Found a basalt altar of Yredelemnul.
  2701 | D:4      | Reached skill level 5 in Fighting
  2701 | D:4      | Reached skill level 5 in Axes
  2783 | D:4      | Reached XP level 6. HP: 50/56 MP: 5/5
  2911 | D:5      | Entered Level 5 of the Dungeon
  2916 | D:5      | Noticed panicbit's ghost (novice DECj)
  2930 | D:5      | Killed panicbit's ghost
  2930 | D:5      | Reached * piety under Okawaru
  2930 | D:5      | Reached skill level 6 in Axes
  2930 | D:5      | Reached XP level 7. HP: 49/61 MP: 6/6
  2956 | D:5      | Reached skill level 5 in Shields
  2988 | D:5      | Reached skill level 5 in Armour
  3057 | D:5      | Reached ** piety under Okawaru
  3057 | D:5      | Reached skill level 7 in Axes
  3551 | D:6      | Found a snail-covered altar of Cheibriados.
  3749 | D:6      | You fall through a shaft for 2 floors!
  3809 | D:6      | Reached XP level 8. HP: 70/70 MP: 7/7
  3843 | D:6      | Found a runed door.
  3847 | D:6      | Noticed Crazy Yiuf
  3852 | D:6      | Killed Crazy Yiuf
  4373 | D:6      | Reached skill level 8 in Axes
  4521 | D:6      | Found a staircase to the Ecumenical Temple.
  4527 | Temple   | Entered the Ecumenical Temple
  4796 | D:6      | Noticed Menkaure
  4803 | D:6      | Killed Menkaure
  5246 | D:6      | Reached *** piety under Okawaru
  5354 | D:7      | Noticed spinkules's ghost (novice GrBe)
  6057 | D:7      | Killed spinkules's ghost
  6057 | D:7      | Reached skill level 9 in Axes
  6057 | D:7      | Reached XP level 9. HP: 49/78 MP: 6/8
  6257 | D:7      | Reached skill level 1 in Stealth
  6554 | D:7      | Found a deep blue altar of Sif Muna.
  6555 | D:7      | Found a hazy altar of Hepliaklqana.
  6897 | D:8      | Noticed Grum
  6900 | D:8      | Reached skill level 10 in Axes
  6928 | D:8      | Killed Grum
  6928 | D:8      | Reached **** piety under Okawaru
  7237 | D:8      | Noticed Psyche
  7248 | D:8      | Killed Psyche
  7532 | D:8      | Reached skill level 11 in Axes
  7532 | D:8      | Reached XP level 10. HP: 64/88 MP: 9/9
  7583 | D:8      | Noticed Gastronok
  7601 | D:8      | Killed Gastronok
  7601 | D:8      | Reached ***** piety under Okawaru
  7601 | D:8      | Received a gift from Okawaru
  7601 | D:8      | Reached skill level 1 in Invocations
  8203 | D:9      | Reached skill level 12 in Axes
  8382 | D:9      | Reached skill level 5 in Dodging
  8404 | D:9      | Found a blossoming altar of Fedhas.
  8417 | D:9      | Noticed Erolcha
  8432 | D:9      | Killed Erolcha
  8865 | D:9      | Received a gift from Okawaru
  8920 | D:9      | Noticed a two-headed ogre
  8922 | D:9      | Found a stormy altar of Qazlal.
  8932 | D:9      | Killed a two-headed ogre
  8932 | D:9      | Reached XP level 11. HP: 79/97 MP: 8/11
  9191 | D:10     | Entered Level 10 of the Dungeon
  9234 | D:10     | Found Peful's Jewellery Emporium.
  9272 | D:10     | Noticed a death yak
  9273 | D:10     | Noticed a death yak
  9274 | D:10     | Found a staircase to the Lair.
  9276 | D:10     | Noticed a death yak
  9276 | D:10     | Noticed a death yak
  9279 | D:10     | Noticed a death yak
  9302 | D:10     | HP: 4/97 [death yak (17)]
  9357 | D:9      | Slain by a death yak

Skill      XL: |  1  2  3  4  5  6  7  8  9 10 |
---------------+-------------------------------+-----
Fighting       | 4 5 6 7 9 |  9.1
Shields        | 4 5 6 8 9 |  9.3
Axes           | 3 5 6 7 9 11 12 | 12.7
Armour         | 4 5 7 8 9 |  9.1
Dodging        | 1 2 3 4 5 |  5.3
Stealth        | 1 2 |  2.1
Invocations    | 1 |  1.6

Action                   |  1- 3 |  4- 6 |  7- 9 | 10-12 || total
-------------------------+-------+-------+-------+-------++-------
Melee: War axe           |    86 |    91 |   292 |   138 ||   607
       Headbutt          |    18 |    15 |    64 |    40 ||   137
Invok: Heroism           |       |       |     6 |     4 ||    10
  Use: Scroll            |       |       |     6 |     1 ||     7
       Potion            |       |       |       |     2 ||     2
 Stab: Invisible         |       |       |     2 |       ||     2
  Eat: Chunk             |     1 |     6 |     5 |     3 ||    15
       Royal jelly       |       |       |     1 |       ||     1
       Fruit             |       |       |     4 |     1 ||     5
       Bread ration      |       |       |     1 |       ||     1
Armor: Scale mail        |    40 |    28 |   108 |    41 ||   217
Dodge: Dodged            |    28 |    28 |   107 |    36 ||   199
Block: Shield            |    58 |    35 |   168 |    67 ||   328
